 Dungeon Crawl Stone Soup version 0.24-a0-479-g9a978d2894 (webtiles) character file.

Game seed: 13745449597193708729

19436 Elric the Grappler (level 12, -2/101 HPs)
             Began as a Black Draconian Transmuter on July 8, 2019.
             Was a High Priest of Ru.
             Slain by a manticore (7 damage)
             ... on level 12 of the Dungeon.
             The game lasted 00:47:27 (13915 turns).

Elric the Grappler (Black Draconian Transmuter)    Turns: 13915, Time: 00:47:27

Health: -2/101     AC: 10    Str: 12    XL:     12   Next: 36%
Magic:  20/20      EV: 14    Int: 20    God:    Ru [*****.]
Gold:   199        SH:  4    Dex: 11    Spells: 7/25 levels left

rFire    + . .     SeeInvis .     - Unarmed
rCold    + . .     Gourm    .   p - +0 buckler
rNeg     . . .     Faith    .   (armour unavailable)
rPois    .         Spirit   .   (helmet restricted)
rElec    +         Reflect  .   d - +0 cloak "Jituorr" {rF++ Regen+}
rCorr    .         Harm     .   C - +0 pair of gloves
MR       .....                  (no boots)
Stlth    +.........             (no amulet)
HPRegen  0.66/turn              b - ring of wizardry
MPRegen  0.17/turn              B - ring of ice

@: appendage, barbed spikes, lightly drained
A: breathe lightning, unfitting armour, horns 2, low mp 1, electricity
resistance, cold-blooded, inability to use devices, hated by all, unskilled 1,
AC +8
a: Breathe Lightning, End Transformation, Draw Out Power, Power Leap,
Apocalypse, Renounce Religion


You were on level 12 of the Dungeon.
You worshipped Ru.
Ru was extremely pleased with you.
You were not hungry.
You had grown temporary horns.
You visited 1 branch of the dungeon, and saw 12 of its levels.
You also visited: Sewer.

You collected 618 gold pieces.
You spent 419 gold pieces at shops.

Inventory:

Missiles
 a - 168 arrows
Armour
 d - the +0 cloak "Jituorr" (worn) {rF++ Regen+}
   (You found it on level 6 of the Dungeon)

   It greatly protects you from fire.
   It increases your rate of regeneration.
 p - a +0 buckler (worn)
 C - a +0 pair of gloves (worn)
Jewellery
 b - a ring of wizardry (left hand)
 j - an uncursed ring of poison resistance
 s - an uncursed ring of magical power
 B - a ring of ice (right hand)
Wands
 t - a wand of paralysis (18)
Scrolls
 g - 3 scrolls of teleportation
 k - a scroll of noise {unknown}
 l - a scroll of enchant weapon {unknown}
 m - a scroll of enchant armour {unknown}
 r - a scroll of immolation {unknown}
 u - 2 scrolls of blinking
 w - a scroll of acquirement {unknown}
 y - a scroll of remove curse
 D - a scroll of fear {unknown}
 E - a scroll of magic mapping
 F - a scroll of vulnerability {unknown}
 H - 3 scrolls of identify
 I - a scroll of amnesia {unknown}
Potions
 e - a potion of agility {unknown}
 f - a potion of cancellation
 h - 3 potions of invisibility
 i - 2 potions of haste
 n - 3 potions of curing {unknown}
 o - a potion of lignification
 q - 4 potions of flight {unknown}
 v - 3 potions of brilliance {unknown}
 x - 2 potions of magic {unknown}
 z - 2 potions of degeneration {unknown}
 A - 4 potions of heal wounds
 G - a potion of might {unknown}
Comestibles
 c - 15 rations


   Skills:
 - Level 8.0(7.6) Fighting
 - Level 5.0(4.7) Dodging
 - Level 4.0(3.7) Shields
 + Level 11.5(11.1) Unarmed Combat
 - Level 7.0(6.7) Spellcasting
 - Level 9.1(8.7) Transmutations
 - Level 2.0(1.7) Poison Magic


You had 7 spell levels left.
You knew the following spells:

 Your Spells              Type           Power        Failure   Level  Hunger
a - Beastly Appendage     Tmut           #####.       1%          1    None
b - Sticks to Snakes      Tmut           #####...     1%          2    None
c - Spider Form           Tmut/Pois      ####......   1%          3    #......
d - Blade Hands           Tmut           #####.....   3%          5    #####..
e - Ice Form              Ice/Tmut       #####...     7%          4    ###....
f - Mephitic Cloud        Conj/Pois/Air  #.......     10%         3    #......

Your spell library contained the following spells:

 Spells                   Type           Power        Failure   Level  Hunger
 Poisonous Vapours        Pois/Air       ##....       4%          2    None
 Conjure Flame            Conj/Fire      #.......     12%         3    #......
 Freezing Cloud           Conj/Ice/Air   ##........   99%         6    ######.
 Ring of Flames           Chrm/Fire      #.........   100%        7    #######


Dungeon Overview and Level Annotations

Branches:
Dungeon (12/15)            Temple (0/1) D:4
   Lair: D:8-11         Orc: D:9-12

Altars:
Fedhas
Kikubaaqudgha
Nemelex Xobeh
Okawaru
Ru
Trog
Vehumet
Xom
Zin

Shops:
D:4 *   D:8 !!(?!   D:10 *

Annotations:
D:11 3 runed translucent doors, exclusion: 2 statues, yann's ghost, journeyman OpWn


Innate Abilities, Weirdness & Mutations

You can breathe wild blasts of lightning.
Your glossy black scales are hard. (AC +8)
You cannot fit into any form of body armour.
Your magical capacity is low. (-10% MP)
You are resistant to electric shocks. (rElec)
You are cold-blooded and may be slowed by cold attacks.
You cannot study or use magical devices.
You are hated by all.
You are somewhat unskilled. (-1 Apt)
You have a pair of horns on your head.


Message History

The volley of spikes hits you!
The barbed spikes become lodged in your body.
The barbs in your skin will harm you if you move.
Continue?
The barbed spikes dig painfully into your body as you move.
The manticore bites you!! The manticore claws you.
The manticore closely misses you.
You hit the manticore.
The manticore is lightly wounded.
You barely miss the manticore.
The manticore is lightly wounded.
The manticore bites you!
The manticore claws you but does no damage.
The manticore claws you!
* * * LOW HITPOINT WARNING * * *
You hit the manticore.
The manticore is lightly wounded.
The manticore bites you!!
* * * LOW HITPOINT WARNING * * *
You block the manticore's attack. The manticore claws you!
You die...

#...........#......#
#...........####+#.#
#...........# #.#
#....####.#.# .#
###.## #.#.# .# #.#
.#.# #.# ..
######.#######.#
.........@H%.....
#######.#######.#
#.# #.# ..# ###


You could see a manticore.

Vanquished Creatures
  Harold (D:7)
  Fannar (D:10)
  A hydra (D:8)
  A centaur warrior (D:8)
  2 two-headed ogres
  An unseen horror (D:11)
  Pikel (D:7)
  8 ugly things
  A manticore (D:11)
  2 centaur zombies (D:10)
  A spectral centaur (D:10)
  A gargoyle (D:12)
  A troll (D:11)
  2 hornets
  3 slime creatures (D:12)
  3 hippogriffs
  2 dream sheep (D:8)
  A wraith (D:11)
  6 yaks
  A vampire (D:8)
  A wyvern (D:11)
  2 humans (D:9)
  2 hungry ghosts
  A vampire mosquito (D:7)
  Menkaure (D:7)
  2 soldier ants
  A porcupine (D:9)
  Duvessa (D:7)
  3 orc warriors
  5 sky beasts
  4 slaves (D:7)
  2 ice beasts
  3 phantoms
  A black bear (D:9)
  6 ogres
  5 centaurs
  A crocodile (D:9)
  6 big kobolds
  6 bullfrogs
  Dowan (D:7)
  A wyvern skeleton (D:11)
  2 scorpions
  4 wights (D:12)
  2 howler monkeys
  3 crimson imps
  A bullfrog zombie (D:5)
  4 centaur skeletons
  7 hounds
  A gnoll shaman (D:4)
  3 orc priests
  5 jellies
  An iguana (D:8)
  Jessica (D:2)
  4 orc wizards
  6 worker ants
  A killer bee zombie (D:10)
  A hound zombie (D:11)
  A hound skeleton (D:5)
  A howler monkey zombie (D:6)
  3 howler monkey skeletons
  A worker ant zombie (D:10)
  4 gnolls (D:4)
  19 adders
  3 river rats (D:6)
  3 shadow imps
  3 oozes
  An adder skeleton (D:10)
  7 worms
  4 dart slugs (D:1)
  4 leopard geckos
  32 orcs
  4 ball pythons
  7 giant cockroaches
  7 hobgoblins
  14 jackals
  12 kobolds
  6 quokkas
  11 bats
  5 frilled lizards
  15 goblins
  A leopard gecko skeleton (D:4)
  7 rats
316 creatures vanquished.

Vanquished Creatures (collateral kills)
  2 ogres (D:5)
  A crimson imp (D:6)
  An orc priest (D:6)
  An orc wizard (D:6)
  A bullfrog skeleton (D:5)
  2 adders
  A goblin (D:2)
9 creatures vanquished.

Vanquished Creatures (others)
  2 hounds
  An orc wizard (D:11)
  An orc (D:11)
  A kobold (D:11)
  A fungus (D:9)
6 creatures vanquished.

Grand Total: 331 creatures vanquished

Notes
Turn   | Place    | Note
-------+----------+-------------------------------------------
     0 | D:1      | Elric the Draconian Transmuter began the quest for the Orb.
     0 | D:1      | Reached XP level 1. HP: 16/16 MP: 3/3
    57 | D:1      | Reached XP level 2. HP: 16/23 MP: 5/5
   425 | D:1      | Learned a level 2 spell: Sticks to Snakes
   662 | D:1      | Reached XP level 3. HP: 28/28 MP: 4/6
  1142 | D:2      | Found a sacrificial altar of Ru.
  1146 | D:2      | Became a worshipper of Ru the Awakened
  1407 | D:2      | Reached skill level 4 in Unarmed Combat
  1585 | D:2      | Reached XP level 4. HP: 27/35 MP: 7/7
  1819 | D:2      | Noticed Jessica
  1827 | D:2      | Killed Jessica
  2501 | D:2      | Reached XP level 5. HP: 30/40 MP: 5/8
  2647 | D:3      | Learned a level 3 spell: Spider Form
  2945 | D:3      | Reached skill level 1 in Poison Magic
  3139 | D:3      | Gained mutation: You are somewhat unskilled. (-1 Apt) [Ru
                  | sacrifice]
  3139 | D:3      | Reduced skill Spellcasting to level 1
  3139 | D:3      | Reached * piety under Ru
  3139 | D:3      | Reached ** piety under Ru
  3243 | D:3      | Found a blossoming altar of Fedhas.
  4187 | D:4      | Reached XP level 6. HP: 42/48 MP: 7/8
  4261 | D:4      | Found a staircase to the Ecumenical Temple.
  4520 | D:4      | Found Zin's Purification Station.
  4523 | D:4      | Found a glowing silver altar of Zin.
  5097 | D:4      | Your scales start taking on a glossy black colour.
  5097 | D:4      | Reached XP level 7. HP: 59/59 MP: 4/10
  5097 | D:4      | Gained mutation: You are resistant to electric shocks.
                  | (rElec) [Black Draconian growth]
  5264 | D:5      | Entered Level 5 of the Dungeon
  5406 | D:5      | Reached skill level 1 in Shields
  5810 | D:5      | Reached XP level 8. HP: 39/66 MP: 2/12
  5815 | D:5      | Reached skill level 5 in Transmutations
  5920 | D:5      | Found a shimmering altar of Xom.
  6065 | D:5      | Learned a level 5 spell: Blade Hands
  6360 | D:6      | Got a fine cloak
  6384 | D:6      | Reached skill level 5 in Unarmed Combat
  6453 | D:6      | Found a glowing drain.
  6468 | Sewer    | Entered a sewer
  7037 | Sewer    | Identified the +0 cloak "Jituorr" {rF++ Regen+} (You found
                  | it on level 6 of the Dungeon)
  8030 | D:7      | HP: 2/66 [acid (9)]
  8150 | D:6      | Gained mutation: You are hated by all. [Ru sacrifice]
  8150 | D:6      | Reached *** piety under Ru
  8153 | D:7      | Noticed a two-headed ogre
  8166 | D:7      | Killed a two-headed ogre
  8166 | D:7      | Reached skill level 6 in Unarmed Combat
  8166 | D:7      | Reached XP level 9. HP: 60/71 MP: 13/13
  8207 | D:7      | Found an ancient bone altar of Kikubaaqudgha.
  8207 | D:7      | Found a radiant altar of Vehumet.
  8288 | D:7      | Noticed Harold
  8303 | D:7      | Killed Harold
  8443 | D:7      | Reached skill level 5 in Spellcasting
  8550 | D:7      | Noticed Dowan
  8551 | D:7      | Noticed Duvessa
  8575 | D:7      | Killed Duvessa
  8582 | D:7      | Killed Dowan
  8902 | D:7      | Noticed Menkaure
  8908 | D:7      | Noticed Pikel
  8909 | D:7      | Killed Menkaure
  8919 | D:7      | Killed Pikel
  8919 | D:7      | Reached XP level 10. HP: 67/78 MP: 17/17
  9408 | D:8      | Found Zynoum's Magic Scroll Shop.
  9414 | D:8      | Bought a scroll of blinking for 120 gold pieces
  9428 | D:8      | Found a sparkling altar of Nemelex Xobeh.
  9428 | D:8      | Noticed a centaur warrior
  9607 | D:8      | Killed a centaur warrior
  9678 | D:8      | Found Ulerit's Distillery.
  9865 | D:8      | Reached skill level 5 in Dodging
 10034 | D:8      | Found Pacyt's Distillery.
 10042 | D:8      | Bought a potion of heal wounds for 65 gold pieces
 10042 | D:8      | Bought a potion of heal wounds for 65 gold pieces
 10066 | D:8      | Reached skill level 7 in Unarmed Combat
 10071 | D:8      | Reached skill level 5 in Fighting
 10076 | D:8      | Noticed a two-headed hydra
 10112 | D:7      | Learned a level 4 spell: Ice Form
 10167 | D:8      | Killed a two-headed hydra
 10369 | D:8      | Noticed a white ugly thing
 10397 | D:8      | HP: 1/83 [white ugly thing (25)]
 10538 | D:8      | Killed a white ugly thing
 10538 | D:8      | Reached XP level 11. HP: 44/89 MP: 18/18
 10724 | D:8      | Reached skill level 8 in Unarmed Combat
 10735 | D:8      | You fall into a shaft and drop 3 floors!
 10749 | D:10     | Entered Level 10 of the Dungeon
 10792 | D:10     | Noticed a two-headed ogre
 10802 | D:10     | Killed a two-headed ogre
 10833 | D:10     | Gained mutation: You cannot study or use magical devices.
                  | [Ru sacrifice]
 10833 | D:10     | Reached **** piety under Ru
 10833 | D:10     | Reached ***** piety under Ru
 10873 | D:10     | Noticed Fannar
 10893 | D:10     | Killed Fannar
 11472 | D:10     | Found Etud's Assorted Antiques.
 11730 | D:9      | Found an iron altar of Okawaru.
 11933 | D:8      | Found Nano's Weapon Shoppe.
 11963 | D:8      | Found a bloodstained altar of Trog.
 11988 | D:8      | Reached skill level 9 in Unarmed Combat
 12031 | D:8      | Found Uthidan's Distillery.
 12038 | D:8      | Bought a potion of heal wounds for 65 gold pieces
 12038 | D:8      | Bought a potion of invisibility for 104 gold pieces
 12616 | D:11     | Found a runed translucent gate.
 12616 | D:11     | Found a runed translucent gate.
 12616 | D:11     | Found a runed translucent gate.
 12616 | D:11     | Noticed a green ugly thing
 12616 | D:11     | Noticed a red ugly thing
 12617 | D:11     | Noticed a brown ugly thing
 12618 | D:11     | Noticed a white ugly thing
 12622 | D:11     | Noticed a red ugly thing
 12642 | D:11     | Killed a red ugly thing
 12645 | D:11     | Killed a green ugly thing
 12650 | D:11     | Killed a green ugly thing
 12655 | D:11     | Killed a purple ugly thing
 12664 | D:11     | Killed a purple ugly thing
 12680 | D:11     | Killed an unseen horror
 12687 | D:11     | Found a runed translucent gate.
 12687 | D:11     | Found a runed translucent gate.
 12694 | D:11     | Noticed yann's ghost (journeyman OpWn)
 12695 | D:11     | Noticed a lindwurm
 12696 | D:11     | a lindwurm changed into a merfolk
 12726 | D:11     | Reached skill level 10 in Unarmed Combat
 12769 | D:10     | Gained mutation: Your magical capacity is low. (-10% MP)
                  | [Ru sacrifice]
 12817 | D:11     | Reached XP level 12. HP: 93/101 MP: 14/20
 13238 | D:11     | Found a runed translucent gate.
 13261 | D:11     | Learned a level 3 spell: Mephitic Cloud
 13711 | D:12     | Reached skill level 11 in Unarmed Combat
 13915 | D:12     | HP: 5/101 [manticore (22)]
 13915 | D:12     | Slain by a manticore

Levels and vault maps discovered:
D:1:      onia_arrival_mini_spirals, layout_loops_ring
D:2:      layout_basic, marbit_many_paths, hex_tiny, uniq_jessica
D:3:      layout_loops_corners, lemuel_round_altar
D:4:      minmay_inner_zag, layout_basic, zin_purify,
          minmay_temple_entry_large_hall
D:5:      layout_basic, lemuel_round_altar, first_ration, grunt_ministairs_13,
          grunt_decor_fettered, chequers_serial_rivers_room_a
D:6:      layout_basic, lightli_sewer_entry_pipes, minmay_ogre_servants
D:7:      layout_layer_cave, chequers_temple_overflow_statue_of_worship,
          uniq_duvessa, uniq_harold, uniq_pikel, uniq_menkaure
D:8:      layout_loops_corners, serial_shops, shop, kennysheep_mini_moat, shop,
          nicolae_shop_competitors_out_of_business, shop, hangedman_ranch
          [blue_anna_fruit_fields], jmf_multi_god_temple
D:9:      kennysheep_blocky_hall, layout_basic, okawaru_humans,
          grunt_lair_entry_orc_guard_hut, serial_shops, shop_fountains,
          minmay_mirror_moons_of_madness
D:10:     layout_irregular_city, serial_shops, shop, hangedman_weighted_door,
          uniq_fannar
D:11:     layout_loops_ring, ploomutoo_gammafunk_ghost_potion_laboratory,
          minmay_dual_archer_statues
D:12:     layout_basic

Skill      XL: |  1  2  3  4  5  6  7  8  9 10 11 12 |
---------------+-------------------------------------+-----
Transmutations | 3 3 4 6 8 9 |  9.1
Unarmed Combat | 4 6 7 10 11 | 11.5
Poison Magic   | 2 |  2.0
Spellcasting   | 1 2 3 5 7 |  7.0
Fighting       | 2 4 6 8 |  8.0
Shields        | 2 4 |  4.0
Dodging        | 3 5 |  5.0

Action                   |  1- 3 |  4- 6 |  7- 9 | 10-12 || total
-------------------------+-------+-------+-------+-------++-------
Melee: Unarmed           |   116 |   225 |   343 |   565 ||  1249
       Tailslap          |    10 |    20 |    15 |    71 ||   116
       Headbutt          |     4 |     8 |     7 |    10 ||    29
       Kick              |     7 |    25 |    24 |    18 ||    74
       Punch             |       |       |       |    12 ||    12
 Cast: Beastly Appendage |    24 |    45 |    31 |    29 ||   129
       Sticks to Snakes  |     4 |    15 |    17 |       ||    36
       Spider Form       |       |     6 |    15 |     3 ||    24
       Blade Hands       |       |       |     5 |    40 ||    45
       Ice Form          |       |       |       |     3 ||     3
Invok: Sacrifice Skill   |       |     1 |       |       ||     1
       Sacrifice Love    |       |       |     1 |       ||     1
       Draw Out Power    |       |       |       |     2 ||     2
       Apocalypse        |       |       |       |     2 ||     2
       Sacrifice Essence |       |       |       |     1 ||     1
       Sacrifice Artific |       |       |       |     1 ||     1
 Abil: Breathe Lightning |       |       |     1 |     4 ||     5
Evoke: Wand              |       |       |     2 |     1 ||     3
  Use: Scroll            |       |     1 |     6 |     3 ||    10
       Potion            |       |       |     1 |     2 ||     3
 Stab: Invisible         |       |       |     5 |     6 ||    11
       Sleeping          |       |       |     1 |     1 ||     2
       Distracted        |       |       |     1 |     1 ||     2
       Paralysed         |       |       |       |     7 ||     7
  Eat: Chunk             |     3 |     9 |    12 |    11 ||    35
       Ration            |       |     1 |     2 |     7 ||    10
Armor: Skin              |    47 |    52 |    60 |   125 ||   284
Dodge: Dodged            |    92 |   144 |   222 |   272 ||   730
Block: Buckler           |       |     1 |    28 |    33 ||    62

Table legend:
 A = Non-vault XP
 B = Vault XP
 C = Vault XP percentage of total XP
 D = Non-vault monster count
 E = Vault monster count
 F = Vault count percentage of total count
                 A         B        C        D         E       F
            +---------+---------+-------+---------+---------+-------
      Total |   15716 |   12050 |  43.4 |     250 |      72 |  22.4
            +---------+---------+-------+---------+---------+-------
        D:1 |      53 |       0 |   0.0 |      27 |       0 |   0.0
        D:2 |     125 |      23 |  15.5 |      22 |       2 |   8.3
        D:3 |     121 |       0 |   0.0 |      23 |       0 |   0.0
        D:4 |     406 |      69 |  14.5 |      18 |       4 |  18.2
        D:5 |     620 |      42 |   6.3 |      15 |       1 |   6.2
        D:6 |     611 |     203 |  24.9 |      14 |      17 |  54.8
        D:7 |    1709 |    2270 |  57.0 |      14 |       6 |  30.0
        D:8 |    1877 |    3789 |  66.9 |      34 |      11 |  24.4
        D:9 |     387 |     774 |  66.7 |       4 |       5 |  55.6
       D:10 |    1586 |    2225 |  58.4 |      19 |       6 |  24.0
       D:11 |    3940 |    2626 |  40.0 |      43 |       5 |  10.4
       D:12 |    4281 |       0 |   0.0 |      17 |       0 |   0.0
      Sewer |       0 |      29 | 100.0 |       0 |      15 | 100.0
            +---------+---------+-------+---------+---------+-------
